 Dungeon Sprint DCSS version 0.30-a0-457-g4b7bca3bfa (webtiles) character file.

Game seed: 16649277359861636276

331 Zeld the Fighter (level 6, -2/103 HPs)
             Began as a Minotaur Berserker on Dec 13, 2022.
             Was an Elder of Trog.
             Slain by a troll (4 damage)
             ... in the Dungeon (Sprint IX: "|||||||||||||||||||||||||||||").
             The game lasted 00:01:07 (557 turns).

Zeld the Fighter (Minotaur Berserker)                Turns: 557, Time: 00:01:07

Health: -2/103     AC: 11    Str: 29    XL:     6   Next: 26%
Magic:  5/5        EV: 13    Int:  4    God:    Trog [****..]
Gold:   0          SH:  0    Dex: 10    Spells: 5/5 levels left

rFire   . . .      SeeInvis .    a - +1 broad axe (vorpal)
rCold   . . .      Faith    .    (no shield)
rNeg    . . .      Spirit   .    b - +2 ring mail
rPois   .          Reflect  .    (helmet restricted)
rElec   .          Harm     .    (no cloak)
rCorr   .          Rampage  .    q - +0 pair of gloves
Will    .....      NoTele   +    k - +0 pair of boots
Stlth   ..........               (no amulet)
HPRegen 0.37/turn                l - +3 ring of strength
MPRegen 0.09/turn                m - +3 ring of strength

@: berserking (expiring), lethally poisoned (-2 -> -9), slowed
A: horns 2, retaliatory headbutt
a: Renounce Religion, Berserk, Trog's Hand, Brothers in Arms


You were in the Dungeon.
You worshipped Trog.
Trog was greatly pleased with you.
You visited 1 branch

Inventory:

Hand Weapons
 a - a +1 vorpal broad axe (weapon)
Armour
 b - a +2 ring mail (worn)
 k - a +0 pair of boots (worn)
 q - a +0 pair of gloves (worn)
Jewellery
 l - a +3 ring of strength (left hand)
 m - a +3 ring of strength (right hand)
Wands
 j - a wand of iceblast (10)
Scrolls
 h - 2 scrolls of blinking
Potions
 c - 5 potions of curing
 d - 3 potions of heal wounds
 e - a potion of haste
 f - 4 potions of magic
 g - a potion of berserk rage
 i - a potion of invisibility


   Skills:
 * Level 11.7 Fighting
 - Level 4.0 Axes
 + Level 8.3 Armour
 + Level 7.5 Dodging


You had 5 spell levels left.
You didn't know any spells.
Your spell library was empty.

Dungeon Overview and Level Annotations

Branches:
Dungeon (1/1)

Altars:
Cheibriados
Dithmenos
Elyvilon
Fedhas
Gozag
Hepliaklqana
Kikubaaqudgha
Makhleb
Nemelex Xobeh
Okawaru
Qazlal
Ru
Sif Muna
Trog
Uskayaw
Vehumet
Wu Jian
Xom
Yredelemnul
Zin
The Shining One
Jiyva
Lugonu


Innate Abilities, Weirdness & Mutations

You have a pair of horns on your head.
You reflexively headbutt those who attack you in melee.


Message History

* * * LOW HITPOINT WARNING * * *
You feel extremely sick.
The hornet closely misses you. x2; You furiously retaliate!
You headbutt the hornet!
You kill the hornet!
Trog accepts your kill.
Your Fighting skill gained 3 levels and is now at level 10!
Your Armour skill gained 2 levels and is now at level 7!
Your Dodging skill gained 2 levels and is now at level 6!
You have reached level 4!
You feel agile.
You have reached level 5!
Unknown command.
Unknown command.
* * * LOW HITPOINT WARNING * * *
You feel very sick. The centaur hits you.
* * * LOW HITPOINT WARNING * * *
The centaur misses you. The centaur hits you.
* * * LOW HITPOINT WARNING * * *
The centaur kicks you but does no damage.
There is an open door to the Dungeon here.
You slash the centaur! You headbutt the centaur!
You kill the centaur!
Trog accepts your kill.
You can now call in reinforcements.
* * * LOW HITPOINT WARNING * * *
You feel very sick.
Your Fighting skill increases to level 11!
Your Armour skill increases to level 8!
Your Dodging skill increases to level 7!
You have reached level 6!
Unknown command.
You closely miss the troll.
* * * LOW HITPOINT WARNING * * *
You feel very sick. The troll barely misses you. You furiously retaliate!
You headbutt the troll!! The troll claws you.
* * * LOW HITPOINT WARNING * * *
The troll claws you.
You die...

▓?▓
▓)▓
▓)▓
▓.▓
▓.▓
▓[▓
▓.▓
▓.▓
▓@▓
▓T▓
▓Y▓
▓.▓
▓Y▓
▓{▓
▓.▓
▓+▓


You could see 2 yaks and a troll.

Vanquished Creatures
  A hornet (D)
  A centaur (D)
  An iguana (D)
  3 adders (D)
  An orc (D)
  A goblin (D)
  A hobgoblin (D)
  A bat (D)
  2 rats (D)
12 creatures vanquished.

Notes
Turn   | Place    | Note
-------+----------+-------------------------------------------
     0 | D        | Zeld the Minotaur Berserker began the quest for the Orb.
     0 | D        | Reached XP level 1. HP: 19/19 MP: 0/0
    10 | D        | Reached skill level 4 in Fighting
    17 | D        | Reached ** piety under Trog
   158 | D        | Noticed an iguana
   163 | D        | Reached *** piety under Trog
   164 | D        | Reached skill level 5 in Fighting
   164 | D        | Reached XP level 2. HP: 29/29 MP: 1/1
   165 | D        | Reached skill level 6 in Fighting
   170 | D        | Reached skill level 7 in Fighting
   170 | D        | Reached XP level 3. HP: 19/39 MP: 2/2
   171 | D        | Reached skill level 5 in Armour
   473 | D        | Found a snail-covered altar of Cheibriados.
   473 | D        | Found a shadowy altar of Dithmenos.
   473 | D        | Found a white marble altar of Elyvilon.
   473 | D        | Found a blossoming altar of Fedhas.
   473 | D        | Found an opulent altar of Gozag.
   474 | D        | Found a hazy altar of Hepliaklqana.
   475 | D        | Found a viscous altar of Jiyva.
   476 | D        | Found an ancient bone altar of Kikubaaqudgha.
   477 | D        | Found a corrupted altar of Lugonu.
   478 | D        | Found a burning altar of Makhleb.
   479 | D        | Found a sparkling altar of Nemelex Xobeh.
   480 | D        | Found an iron altar of Okawaru.
   481 | D        | Found a stormy altar of Qazlal.
   482 | D        | Found a sacrificial altar of Ru.
   483 | D        | Found a shimmering blue altar of Sif Muna.
   484 | D        | Found a bloodstained altar of Trog.
   485 | D        | Found a hide-covered altar of Uskayaw.
   486 | D        | Found a radiant altar of Vehumet.
   487 | D        | Found an ornate altar of the Wu Jian Council.
   488 | D        | Found a shimmering altar of Xom.
   489 | D        | Found a basalt altar of Yredelemnul.
   490 | D        | Found a glowing silver altar of Zin.
   491 | D        | Found a glowing golden altar of the Shining One.
   499 | D        | Found the +12 pair of quick blades "Gyre" and "Gimble"
                  | {protect}
   548 | D        | Noticed a hornet
   548 | D        | Noticed a centaur
   548 | D        | Noticed a troll
   548 | D        | Noticed a yak
   548 | D        | Noticed a yak
   551 | D        | Paralysed by a hornet for 1 turns
   554 | D        | Killed a hornet
   555 | D        | Reached skill level 10 in Fighting
   555 | D        | Reached XP level 4. HP: 17/53 MP: 3/3
   555 | D        | Reached XP level 5. HP: 20/59 MP: 4/4
   556 | D        | Killed a centaur
   556 | D        | Reached **** piety under Trog
   557 | D        | Reached skill level 11 in Fighting
   557 | D        | Reached XP level 6. HP: 6/69 MP: 5/5
   557 | D        | HP: 4/103 [poisoned by a hornet]
   557 | D        | Slain by a troll

Illustrated notes

Levels and vault maps discovered:
D:        linesprint [early_d, line_temple, items_1, d_10, items_2, lair_1,
          lair_end, items_3, orc_1, orc_end, items_4, d_15, swamp_1, shoals_1,
          snake_1, spider_1, d_20, vaults_1, items_5, swamp_end, shoals_end,
          snake_end, spider_end, vaults_end, d_27, items_6, zot_1, zot_end,
          crypt_end, forest_end, elf_end, slime_end, tomb_end, abyss_end,
          pan_hell_end]

Skill      XL: |  1  2  3  4  5 |
---------------+----------------+-----
Fighting       | 5 7 10 11 | 11.7
Axes           | 4 |  4.0
Armour         | 3 4 7 8 |  8.3
Dodging        | 3 4 6 7 |  7.5

Action                   |  1- 3 |  4- 6 || total
-------------------------+-------+-------++-------
Melee: Hand axe          |    34 |       ||    34
       Headbutt          |     4 |     1 ||     5
       Punch             |     1 |       ||     1
       Broad axe         |     4 |     2 ||     6
Invok: Berserk           |     2 |       ||     2
Armor: Animal skin       |    12 |       ||    12
       Ring mail         |     1 |     1 ||     2
Dodge: Dodged            |    16 |     2 ||    18

Table legend: (Time is in decaauts)
 A = Elapsed time spent in this place.
 B = Non-inter-level travel time spent in this place.
 C = Inter-level travel time spent in this place.
 D = Time resting spent in this place.
 E = Time spent auto-exploring this place.
 F = Levels seen in this place.
 G = Mean time per level.
                   A        B        C        D        E       F      G
               +--------+--------+--------+--------+--------+-----+--------+
         Total |    568 |    568 |      0 |    424 |      7 |   1 |  568.0 |
       Dungeon |    568 |    568 |      0 |    424 |      7 |   1 |  568.0 |
               +--------+--------+--------+--------+--------+-----+--------+

Top non-repeatable levels by time:
       D: 568 daAuts
